 Dungeon Crawl Stone Soup version 0.18.1-48-g4cf74bf (webtiles) character file.

280 nikopol the Chopper (level 6, -1/84 HPs)
             Began as a Hill Orc Berserker on June 29, 2016.
             Was a Priest of Trog.
             Slain by Pikel
             ... wielding a +2 whip of flaming
              (8 damage)
             ... on level 4 of the Dungeon.
             The game lasted 00:04:41 (2326 turns).

nikopol the Chopper (Hill Orc Berserker)            Turns: 2326, Time: 00:04:42

Health: -1/84      AC:  5    Str: 26    XL:     6   Next: 27%
Magic:  6/6        EV: 12    Int:  7    God:    Trog [***...]
Gold:   235        SH:  0    Dex: 11    Spells: 0 memorised, 5 levels left

rFire  . . .     SeeInvis .     a - +0 hand axe
rCold  . . .     Gourm    .     k - +0 ring mail
rNeg   . . .     Faith    .     (no shield)
rPois  .         Spirit   .     (no helmet)
rElec  .         Dismiss  .     (no cloak)
rCorr  .         Reflect  .     (no gloves)
SustAt .         Harm     .     (no boots)
MR     .....                    (no amulet)
Stlth  ..........               (no ring)
                                (no ring)

@: berserking, lethally poisoned (-1 -> -3), very quick, not resistant to
hostile enchantments, extremely unstealthy
A: no striking features
a: Berserk, Trog's Hand, Burn Spellbooks, Renounce Religion


You were on level 4 of the Dungeon.
You worshipped Trog.
Trog was most pleased with you.
You were not hungry.

You visited 1 branch of the dungeon, and saw 4 of its levels.

You collected 235 gold pieces.

Inventory:

Hand Weapons
 a - a +0 hand axe (weapon)
Missiles
 y - 2 tomahawks (quivered)
Armour
 b - a +0 animal skin
 k - a +0 ring mail (worn)
Wands
 s - a wand of slowing (39/48)
Scrolls
 e - a scroll of random uselessness {unknown}
 n - a scroll of remove curse {unknown}
 o - 2 scrolls of identify {unknown}
 q - 4 scrolls of teleportation {unknown}
 t - a scroll of enchant armour {unknown}
 w - a scroll of immolation {unknown}
 x - a scroll of amnesia {unknown}
 A - a scroll of fear {unknown}
 B - a scroll of blinking {unknown}
Potions
 f - a potion of curing {unknown}
 g - a potion of cure mutation {unknown}
 i - 3 potions of flight {unknown}
 l - a potion of mutation {unknown}
 p - a potion of haste {unknown}
 r - a potion of ambrosia {unknown}
 u - a potion of agility {unknown}
 C - a potion of cancellation {unknown}
 D - a potion of magic {unknown}
Comestibles
 c - 3 bread rations
 d - 4 fruits
 h - a meat ration
 j - a slice of pizza
 m - a royal jelly
 v - a chunk of flesh
 z - a beef jerky


   Skills:
 + Level 5.0 Fighting
 + Level 5.5 Axes
 + Level 4.1 Armour
 + Level 2.9 Dodging


You had 5 spell levels left.
You didn't know any spells.

Dungeon Overview and Level Annotations

Branches:
Dungeon (4/15)
 Temple: D:4-7

Altars:
Xom

Annotations:
D:4 Pikel


Message History

* * * LOW HITPOINT WARNING * * *
You are too injured to fight recklessly!
You are too injured to fight recklessly!
You are too injured to fight recklessly!
You are too injured to fight recklessly!
You are too injured to fight recklessly!
You hit the slave.
The slave is moderately wounded.
The slave hits you!
* * * LOW HITPOINT WARNING * * *
You slice the slave!!
You kill the slave!
That felt strangely unrewarding.
You feel sick.
You hit the slave.
The slave is moderately wounded.
You closely miss Pikel.
You feel sick.
You slash Pikel!
Pikel is moderately wounded.
Pikel hits you with a whip of flaming!
You die...

#. .. ##. ⌠.##
#.. ...#. #..
..... ##.. ......
#... .....p# ##..
.....pK## ##.
#@### ###### ##
##..## ##....####
##..####.......#.
##..##..........
##....<........
##............
#.............
#..............
#..............


You could see Pikel and 2 slaves.

Vanquished Creatures
  A slave (D:4)
  The ghost of nikopol the Chopper, an amateur HOBe of Trog (D:3)
  An orc wizard (D:3)
  Terence (D:2)
  A worker ant (D:4)
  4 adders
  An ooze (D:1)
  A worm (D:2)
  2 dart slugs (D:1)
  2 giant geckos
  5 orcs (D:3)
  2 ball pythons
  9 bats
  2 giant cockroaches
  6 goblins
  7 hobgoblins
  A jackal (D:1)
  4 giant newts
  8 kobolds
  4 rats
63 creatures vanquished.

Notes
Turn   | Place    | Note
--------------------------------------------------------------
     0 | D:1      | nikopol the Hill Orc Berserker began the quest for the Orb.
     0 | D:1      | Reached XP level 1. HP: 19/19 MP: 1/1
    77 | D:1      | Reached XP level 2. HP: 26/27 MP: 2/2
   346 | D:1      | Reached XP level 3. HP: 26/33 MP: 3/3
   563 | D:1      | Found a shimmering altar of Xom.
   801 | D:1      | Reached ** piety under Trog
  1119 | D:2      | Noticed Terence
  1133 | D:2      | Killed Terence
  1133 | D:2      | Reached XP level 4. HP: 41/41 MP: 4/4
  1735 | D:3      | Noticed nikopol's ghost (amateur HOBe)
  1747 | D:3      | Killed nikopol's ghost
  1747 | D:3      | Reached skill level 5 in Axes
  1747 | D:3      | Reached XP level 5. HP: 34/47 MP: 5/5
  2024 | D:3      | Reached *** piety under Trog
  2057 | D:3      | Reached skill level 5 in Fighting
  2057 | D:3      | Reached XP level 6. HP: 39/56 MP: 6/6
  2298 | D:4      | Noticed Pikel
  2299 | D:4      | Noticed a slave
  2299 | D:4      | Noticed a slave
  2300 | D:4      | Noticed a slave
  2300 | D:4      | Noticed a slave
  2323 | D:4      | Killed a slave
  2326 | D:4      | Slain by Pikel

Skill      XL: |  1  2  3  4  5 |
---------------+----------------+-----
Fighting       | 4 5 |  5.0
Dodging        | 2 |  2.9
Armour         | 3 4 |  4.1
Axes           | 5 |  5.5

Action                   |  1- 3 |  4- 6 || total
-------------------------+-------+-------++-------
Melee: Hand axe          |    75 |   134 ||   209
Invok: Berserk           |     1 |     2 ||     3
       Burn Spellbooks   |       |     1 ||     1
  Eat: Chunk             |     1 |     6 ||     7
Armor: Animal skin       |    14 |       ||    14
       Ring mail         |     7 |    40 ||    47
Dodge: Dodged            |    57 |    67 ||   124
